 Dungeon Crawl Stone Soup version 0.28.0-53-g5a82cb258f (webtiles) character file.

Game seed: 7117777532353296031

50 Kaptain the Digger (level 3, -19/20 HPs)
             Began as a Gargoyle Earth Elementalist on June 28, 2022.
             Killed from afar by Ijyb (29 damage)
             ... with a bolt of acid
             ... on level 3 of the Dungeon.
             The game lasted 00:03:08 (1654 turns).

Kaptain the Digger (Gargoyle Earth Elementalist)    Turns: 1654, Time: 00:03:08

Health: -19/20     AC:  5    Str: 11    XL:     3   Next: 79%
Magic:  0/6        EV: 11    Int: 17    God:
Gold:   48         SH:  0    Dex: 10    Spells: 5/6 levels left

rFire   . . .      SeeInvis .   f - +0 dagger
rCold   . . .      Faith    .   (no shield)
rNeg    + . .      Spirit   .   b - +0 robe
rPois   ∞          Reflect  .   (no helmet)
rElec   +          Harm     .   (no cloak)
rCorr   .          Rampage  .   (no gloves)
Will    .....                   (no boots)
Stlth   ++........              (no amulet)
HPRegen 0.06/turn               (no ring)
MPRegen 0.10/turn               (no ring)

@: no status effects
A: sickness immunity, AC +3, negative energy resistance 1, electricity
resistance, torment resistance 1, petrification resistance
a: no special abilities


You were on level 3 of the Dungeon.
You visited 1 branch of the dungeon, and saw 3 of its levels.

You collected 48 gold pieces.

Inventory:

Hand Weapons
 f - a +0 dagger (weapon)
Missiles
 c - 24 stones
Armour
 b - a +0 robe (worn)
Jewellery
 e - a ring of fire
Scrolls
 a - 5 scrolls of identify {unknown}
 d - 2 scrolls of noise {unknown}
 g - a scroll of fog {unknown}
Potions
 h - a potion of heal wounds {unknown}


   Skills:
 * Level 1.3 Fighting
 + Level 0.6 Armour
 - Level 1.5 Dodging
 + Level 2.5 Stealth
 * Level 2.3 Spellcasting
 * Level 1.5 Conjurations
 - Level 0.7 Transmutations
 * Level 4.1 Earth Magic


You had 5 spell levels left.
You knew the following spells:

 Your Spells              Type           Power      Damage    Failure   Level
a - Sandblast             Erth           32%        2d9       3%          1

Your spell library contained the following spells:

 Spells                   Type           Power      Damage    Failure   Level
 Passwall                 Tmut/Erth      8%         N/A       11%         2
 Stone Arrow              Conj/Erth      22%        3d8       19%         3
 Static Discharge         Conj/Air       4%         N/A       21%         2
 Mephitic Cloud           Conj/Pois/Air  3%         N/A       41%         3
 Ignite Poison            Fire/Tmut/Pois 2%         N/A       45%         3
 Petrify                  Tmut/Erth      10%        N/A       56%         4
 Lightning Bolt           Conj/Air       2%         1d13      98%         5
 Freezing Cloud           Conj/Ice/Air   1%         6-21      99%         5
 Maxwell's Capacitive Co  Air            0%         ∞         100%        8


Dungeon Overview and Level Annotations

Branches:
Dungeon (3/15)

Altars:

Annotations:
D:3 Ijyb


Innate Abilities, Weirdness & Mutations

You are immune to sickness and miasma.
Your stone body is resilient. (AC +3)
You are immune to poison.
You resist negative energy. (rN+)
You are resistant to electric shocks. (rElec)
You are resistant to unholy torment.
You are immune to petrification.


Message History

You closely miss Ijyb.
Ijyb is severely wounded.
Ijyb hits you with a +0 club.
Casting: Sandblast (safe; 3% risk of failure)
Confirm with . or Enter, or press ? or * to list all spells.
Aiming: Sandblast (safe; 3% risk of failure)
Press: ? - help, Shift-Dir - straight line, f/p - Ijyb
Aim: Ijyb, wielding a +0 club, wearing a +0 ring mail and carrying a wand of acid (5) (severely wounded, 77% to hit)
The blast of sand hits Ijyb but does no damage.
Ijyb is severely wounded.
Ijyb barely misses you.
Casting: Sandblast (safe; 3% risk of failure)
Confirm with . or Enter, or press ? or * to list all spells.
Aiming: Sandblast (safe; 3% risk of failure)
Press: ? - help, Shift-Dir - straight line, f/p - Ijyb
Aim: Ijyb, wielding a +0 club, wearing a +0 ring mail and carrying a wand of acid (5) (severely wounded, 77% to hit)
The blast of sand hits Ijyb but does no damage.
Ijyb is severely wounded.
Ijyb hits you with a +0 club.
Casting: Sandblast (safe; 3% risk of failure)
Confirm with . or Enter, or press ? or * to list all spells.
You don't have enough magic to cast this spell.
Unknown command.
You hit Ijyb but do no damage.
Ijyb is severely wounded.
Ijyb hits you but does no damage.
You barely miss Ijyb.
Ijyb is severely wounded.
Ijyb closely misses you.
You barely miss Ijyb.
Ijyb is severely wounded.
Ijyb closely misses you.
You closely miss Ijyb.
Ijyb is severely wounded.
Ijyb hits you with a +0 club.
You hit Ijyb but do no damage. Your punch misses Ijyb.
Ijyb is severely wounded.
Ijyb zaps a wand.
The bolt of acid hits you!!
Ouch! That really hurt!
You die...

.. #####.#
...#.#
######....##
...........
.........#
........<#
########.####
#..@g.......#
#.#.##.#.##.#
# #.##.#.# ..
#.##.#.# .#
#....#.# #
######.# #.#
.#


You could see Ijyb.

Vanquished Creatures
  An adder (D:2)
  A worm (D:2)
  2 dart slugs
  3 ball pythons
  6 bats
  4 endoplasms
  6 hobgoblins
  A kobold (D:1)
  A quokka (D:1)
  3 frilled lizards (D:1)
  3 goblins
  2 rats (D:1)
33 creatures vanquished.

Vanquished Creatures (others)
  A plant (D:1)
1 creature vanquished.

Grand Total: 34 creatures vanquished

Notes
Turn   | Place    | Note
-------+----------+-------------------------------------------
     0 | D:1      | Kaptain the Gargoyle Earth Elementalist began the quest for
                  | the Orb.
     0 | D:1      | Reached XP level 1. HP: 10/10 MP: 3/3
   203 | D:1      | Reached XP level 2. HP: 16/16 MP: 1/5
   383 | D:1      | Found a faded altar of an unknown god.
   511 | D:1      | Reached skill level 1 in Fighting
   927 | D:1      | Reached skill level 1 in Conjurations
   929 | D:1      | Reached XP level 3. HP: 20/20 MP: 2/6
  1301 | D:2      | Reached skill level 4 in Earth Magic
  1634 | D:3      | Noticed Ijyb
  1654 | D:3      | Killed from afar by Ijyb

Illustrated notes

Levels and vault maps discovered:
D:1:      lordsloth_arrival_two_stooges, layout_basic,
          hellmonk_ecumenical_altar_leap_of_faith, serial_forest,
          infiniplex_forest_clump_diagonal, infiniplex_forest_clump_large,
          infiniplex_forest_clump_tiny, infiniplex_forest_straight_1,
          infiniplex_forest_zigzag_1, infiniplex_forest_clump_C,
          infiniplex_forest_end_double, st_stairs_6, serial_bayou_lagoon_b
D:2:      layout_rooms
D:3:      layout_basic, minmay_pentangle, uniq_ijyb

Skill      XL: |  1  2  3 |
---------------+----------+-----
Fighting       | 1 |  1.3
Conjurations   | 1 |  1.5
Earth Magic    | 4 |  4.1
Armour         | |  0.6
Dodging        | |  1.5
Stealth        | |  2.5
Spellcasting   | |  2.3
Transmutations | |  0.7

Action                   || total
-------------------------++-------
Melee: Unarmed           ||     1
       Dagger            ||    51
 Cast: Sandblast         ||    38
 Stab: Sleeping          ||     1
Armor: Robe              ||    23
Dodge: Dodged            ||    39
